 Dungeon Crawl Stone Soup version 0.29-a0-1033-gb6c65ffae6 (webtiles) character file.

Game seed: 14522449789098590017

170 hikkokomori the Caller (level 5, -1/34 HPs)
             Began as an Octopode Summoner on Aug 14, 2022.
             Slain by a gnoll
             ... wielding a +0 flail
              (9 damage)
             ... on level 3 of the Dungeon.
             The game lasted 00:07:56 (1906 turns).

hikkokomori the Caller (Octopode Summoner)          Turns: 1906, Time: 00:07:58

Health: -1/34      AC:  1    Str:  8    XL:     5   Next: 51%
Magic:  1/9        EV: 13    Int: 19    God:
Gold:   95         SH:  0    Dex: 12    Spells: 6/10 levels left

rFire   . . .      SeeInvis .   b - +0 short sword
rCold   . . .      Faith    .   (no shield)
rNeg    . . .      Spirit   .   (helmet restricted)
rPois   .          Reflect  .   (no amulet)
rElec   .          Harm     .   g - ring of willpower
rCorr   .          Rampage  .   (no ring)
Will    +....                   (no ring)
Stlth   ++++......              (no ring)
HPRegen 0.11/turn               (no ring)
MPRegen 0.11/turn               (no ring)
                                (no ring)
                                (no ring)

@: no status effects
A: almost no armour, amphibious, 8 rings, camouflage 1, gelatinous body 1,
(nimble swimmer 1), tentacles
a: no special abilities


You were on level 3 of the Dungeon.
You visited 1 branch of the dungeon, and saw 3 of its levels.

You collected 95 gold pieces.

Inventory:

Hand Weapons
 b - a +0 short sword (weapon)
Missiles
 c - 22 stones
 j - 4 datura-tipped darts
Jewellery
 g - a ring of willpower (left tentacle)
Scrolls
 e - a scroll of poison {unknown}
 f - a scroll of blinking {unknown}
 i - 2 scrolls of identify {unknown}
 k - a scroll of fear {unknown}
 l - a scroll of amnesia {unknown}
Potions
 a - a potion of magic
 d - a potion of curing {unknown}
 h - a potion of mutation {unknown}


   Skills:
 + Level 2.2 Fighting
 - Level 2.0 Dodging
 + Level 4.5 Stealth
 + Level 3.0 Spellcasting
 + Level 4.8 Summonings


You had 6 spell levels left.
You knew the following spells:

 Your Spells              Type           Power      Damage    Failure   Level
a - Summon Small Mammal   Summ           84%        N/A       2%          1
b - Call Canine Familiar  Summ           21%        N/A       6%          3

Your spell library contained the following spells:

 Spells                   Type           Power      Damage    Failure   Level
 Call Imp                 Summ           21%        N/A       3%          2
 Slow                     Hex            8%         N/A       16%         1
 Summon Guardian Golem    Hex/Summ       12%        N/A       17%         3
 Confusing Touch          Hex            2%         N/A       41%         3
 Tukima's Dance           Hex            2%         N/A       41%         3
 Vampiric Draining        Necr           2%         2d6       41%         3
 Summon Lightning Spire   Summ/Air       12%        N/A       50%         4
 Passage of Golubria      Tloc           2%         N/A       83%         4
 Yara's Violent Unravell  Hex/Tmut       1%         3d3       99%         5


Dungeon Overview and Level Annotations

Branches:
Dungeon (3/15)

Altars:


Innate Abilities, Weirdness & Mutations

You cannot wear most types of armour.
You are amphibious.
You can wear up to eight rings at the same time.
Your skin changes colour to match your surroundings (Stealth+).
Your rubbery body absorbs attacks. (AC +1, EV +1)
((You are camouflaged when in or above water. (Stealth+)))
You have tentacles for arms and can constrict up to eight enemies at once.


Message History

Unknown command.
You hit the adder. You grab the adder.
You squeeze the adder, but do no damage.
The adder is heavily wounded.
You constrict the adder.
You feel sick.
Your bat hits the adder but does no damage.
The adder closely misses you.
Your bat hits the adder but does no damage.
The adder barely misses you.
You hit the adder. You squeeze the adder.
You kill the adder!
You feel sick.
Your bat hits the gnoll. The gnoll closely misses your bat.
Unknown command.
You feel sick. The gnoll closely misses you.
You see here an adder corpse.
You hit the gnoll. You grab the gnoll.
You squeeze the gnoll, but do no damage.
The gnoll is lightly wounded.
You constrict the gnoll.
You feel sick.
You are no longer poisoned.
The gnoll hits you with a +0 flail!
* * * LOW HITPOINT WARNING * * *
You swap places.
You release your grip on the gnoll.
The gnoll attacks as you move away! The gnoll closely misses you.
Your bat closely misses the gnoll.
Your bat hits the gnoll but does no damage.
You closely miss the gnoll. You grab the gnoll. You squeeze the gnoll.
The gnoll is severely wounded.
You constrict the gnoll, but do no damage.
Your bat hits the gnoll. The gnoll closely misses your bat.
Your bat hits the gnoll but does no damage.
Unknown command.
You hit the gnoll but do no damage.
The gnoll is almost dead.
You constrict the gnoll.
Your bat hits the gnoll but does no damage. x2
The gnoll barely misses you.
Your bat hits the gnoll but does no damage.
The gnoll hits you with a +0 flail!
You die...

### #..#.......#. ..#
#..#.......#. #.#
#..#..###..#. #.#
#..#..#_#..#. #.#
#..#..#+#..#. #### #.#
##..#.......#. S..
#.###.#.#.......#.
#)#######.##.##.#########.
#.....))g@..###.........[.
#########b##.###........##
#.###.#.######### #.#
##.## #.. #.# ##. #.# #.#
#.# #.# #.# #.# #.#


You could see a gnoll (ally target) and a friendly bat (summoned).

Vanquished Creatures
  A phantom (D:3)
  An adder (D:3)
  A gnoll (D:3)
  2 dart slugs (D:1)
  3 ball pythons
  3 endoplasms
  A giant cockroach (D:2)
  A goblin (D:1)
  5 hobgoblins
  2 jackals (D:2)
  A kobold (D:1)
  A quokka (D:2)
  2 bats (D:1)
  2 frilled lizards
  4 rats
30 creatures vanquished.

Vanquished Creatures (collateral kills)
  2 gnolls (D:3)
  An adder (D:2)
  A giant cockroach (D:1)
  2 hobgoblins (D:1)
  A jackal (D:2)
  A kobold (D:1)
  2 bats (D:1)
  3 goblins (D:1)
  A rat (D:3)
14 creatures vanquished.

Grand Total: 44 creatures vanquished

Notes
Turn   | Place    | Note
-------+----------+-------------------------------------------
     0 | D:1      | hikkokomori the Octopode Summoner began the quest for the
                  | Orb.
     0 | D:1      | Reached XP level 1. HP: 11/11 MP: 3/3
   201 | D:1      | Reached XP level 2. HP: 18/18 MP: 5/5
   611 | D:1      | Reached skill level 1 in Fighting
   618 | D:1      | Reached XP level 3. HP: 12/23 MP: 4/6
  1266 | D:2      | Learned a level 3 spell: Call Canine Familiar
  1555 | D:3      | Noticed a phantom
  1569 | D:3      | Killed a phantom
  1570 | D:3      | Reached XP level 4. HP: 9/29 MP: 5/8
  1570 | D:3      | Reached XP level 5. HP: 11/34 MP: 5/9
  1801 | D:3      | Found a faded altar of an unknown god.
  1906 | D:3      | Slain by a gnoll

Illustrated notes

Levels and vault maps discovered:
D:1:      minmay_arrival_three_doors, layout_loops_ring
D:2:      layout_rooms, kennysheep_generic_room_10
D:3:      layout_loops_ring, nicolae_overflow_hidden_temple,
          hellmonk_ecumenical_altar_inner_sanctum, st_stairs_10,
          minmay_starry_boxes, uniq_natasha

Skill      XL: |  1  2  3  4  5 |
---------------+----------------+-----
Stealth        | 3 4 |  4.5
Fighting       | 1 2 |  2.2
Spellcasting   | 3 |  3.0
Dodging        | |  2.0
Summonings     | |  4.8

Action                   |  1- 3 |  4- 6 || total
-------------------------+-------+-------++-------
Melee: Short sword       |    61 |    12 ||    73
       Constrict         |    19 |     4 ||    23
       Unarmed           |     3 |       ||     3
       Tentacles         |    11 |     6 ||    17
 Cast: Summon Small Mamm |    22 |     5 ||    27
       Call Canine Famil |     1 |     2 ||     3
  Use: Scroll            |     1 |       ||     1
 Stab: Sleeping          |     4 |     2 ||     6
       Distracted        |     1 |       ||     1
Armor: Skin              |     9 |       ||     9
Dodge: Dodged            |    48 |     9 ||    57

Table legend: (Time is in decaauts)
 A = Elapsed time spent in this place.
 B = Non-inter-level travel time spent in this place.
 C = Inter-level travel time spent in this place.
 D = Time resting spent in this place.
 E = Time spent auto-exploring this place.
 F = Levels seen in this place.
 G = Mean time per level.
                   A        B        C        D        E       F      G
               +--------+--------+--------+--------+--------+-----+--------+
         Total |   1911 |   1904 |      7 |    525 |    451 |   3 |  637.0 |
       Dungeon |   1911 |   1904 |      7 |    525 |    451 |   3 |  637.0 |
               +--------+--------+--------+--------+--------+-----+--------+

Top non-repeatable levels by time:
     D:1: 1093 daAuts
     D:2: 433 daAuts
     D:3: 384 daAuts
